 Dungeon Crawl Stone Soup version 0.23-a0-49-gd9f7a49 (webtiles) character file.

304 Amnesiac the Gusty (level 6, -1/41 HPs)
             Began as a Mummy Air Elementalist on Aug 7, 2018.
             Killed by divine providence
             ... invoked by an orc priest
              (15 damage)
             ... on level 5 of the Dungeon.
             The game lasted 00:05:48 (2278 turns).

Amnesiac the Gusty (Mummy Air Elementalist)         Turns: 2278, Time: 00:05:49

Health: -1/41      AC:  2    Str: 11    XL:     6   Next: 15%
Magic:  3/13       EV: 12    Int: 16    God:
Gold:   82         SH:  0    Dex: 13    Spells: 10/14 levels left

rFire    x . .     SeeInvis .   a - +0 hunting sling (flame)
rCold    + . .     Gourm    .   (no shield)
rNeg     + + +     Faith    .   d - +0 robe
rPois    ∞         Spirit   .   (no helmet)
rElec    .         Reflect  .   (no cloak)
rCorr    .         Harm     .   (no gloves)
MR       .....                  (no boots)
Stlth    ++........             (no amulet)
HPRegen  0.13/turn              (no ring)
MPRegen  0.13/turn              (no ring)

@: very slightly contaminated
A: no food or potions, fire vulnerability, cold resistance 1, negative energy
resistance 3, torment resistance, unbreathing
a: no special abilities


You were on level 5 of the Dungeon.
You were not hungry.

You visited 1 branch of the dungeon, and saw 5 of its levels.

You collected 122 gold pieces.
You spent 40 gold pieces at shops.

Inventory:

Hand Weapons
 a - a +0 hunting sling of flaming (weapon)
 b - a +1 mace of protection
 g - a +0 club
 l - a +0 blowgun
Missiles
 e - 2 sling bullets (quivered)
 f - 40 stones
 m - 4 poisoned needles
Armour
 d - a +0 robe (worn)
Magical Staves
 k - an uncursed staff of earth
Scrolls
 i - a scroll of magic mapping {!r}
 j - a scroll of teleportation {!r}


   Skills:
 - Level 1.5 Dodging
 - Level 1.5 Stealth
 + Level 4.8 Spellcasting
   Level 0.7 Conjurations
 * Level 5.0 Air Magic


You had 10 spell levels left.
You knew the following spells:

 Your Spells              Type           Power        Failure   Level  Hunger
a - Airstrike             Air            ###.......   19%         4    N/A

Your spell library contained the following spells:

 Spells                   Type           Power        Failure   Level  Hunger
 Lightning Bolt           Conj/Air       ##........   78%         5    N/A
 Shock                    Conj/Air       ##..         4%          1    N/A
 Swiftness                Chrm/Air       ##......     9%          2    N/A
 Static Discharge         Conj/Air       ##......     14%         3    N/A

Dungeon Overview and Level Annotations

Branches:
Dungeon (5/15)
 Temple: D:4-7

Altars:
Makhleb

Shops:
D:5 *


Innate Abilities, Weirdness & Mutations

You do not eat or drink.
Your flesh is vulnerable to fire.
You are immune to poison.
Your flesh is cold resistant. (rC+)
You are immune to negative energy. (rN+++)
You are immune to unholy pain and torment.
You can survive without breathing.


Message History

Aim: an orc priest, wearing a ring mail (severely wounded)
You shoot a sling bullet.
The sling bullet hits the orc priest but does no damage.
The orc priest is severely wounded.
The orc priest hits you.
Firing (i - inventory. (/) - cycle)
e - 10 sling bullets (quivered)
Press: ? - help, Shift-Dir - straight line, f/p - orc priest
Aim: an orc priest, wearing a ring mail (severely wounded)
You shoot a sling bullet.
The sling bullet closely misses the orc priest.
The orc priest misses you.
The orc priest mumbles some strange prayers to Beogh against you.
Beogh smites you!
* * * LOW HITPOINT WARNING * * *
Firing (i - inventory. (/) - cycle)
e - 9 sling bullets (quivered)
Press: ? - help, Shift-Dir - straight line, f/p - orc priest
Aim: an orc priest, wearing a ring mail (severely wounded)
You shoot a sling bullet.
The sling bullet hits the orc priest but does no damage.
The orc priest is severely wounded.
The orc priest barely misses you.
Firing (i - inventory. (/) - cycle)
e - 8 sling bullets (quivered)
Press: ? - help, Shift-Dir - straight line, f/p - orc priest
Aim: an orc priest, wearing a ring mail (severely wounded)
You shoot a sling bullet.
The sling bullet hits the orc priest but does no damage.
The orc priest is severely wounded.
The orc priest completely misses you.
Firing (i - inventory. (/) - cycle)
e - 7 sling bullets (quivered)
Press: ? - help, Shift-Dir - straight line, f/p - orc priest
Aim: an orc priest, wearing a ring mail (severely wounded)
You shoot a sling bullet. The sling bullet hits the orc priest.
The sling bullet burns the orc priest.
The orc priest is almost dead.
The orc priest hits you.
* * * LOW HITPOINT WARNING * * *
Firing (i - inventory. (/) - cycle)
e - 6 sling bullets (quivered)
Press: ? - help, Shift-Dir - straight line, f/p - orc priest
Aim: an orc priest, wearing a ring mail (almost dead)
You shoot a sling bullet.
The sling bullet completely misses the orc priest.
The orc priest closely misses you.
Firing (i - inventory. (/) - cycle)
e - 5 sling bullets (quivered)
Press: ? - help, Shift-Dir - straight line, f/p - orc priest
Aim: an orc priest, wearing a ring mail (almost dead)
You shoot a sling bullet.
The sling bullet closely misses the orc priest.
The orc priest casts a cantrip, but nothing happens.
The orc priest barely misses you.
Firing (i - inventory. (/) - cycle)
e - 4 sling bullets (quivered)
Press: ? - help, Shift-Dir - straight line, f/p - orc priest
Aim: an orc priest, wearing a ring mail (almost dead)
You shoot a sling bullet.
The sling bullet closely misses the orc priest.
The orc priest hits you.
* * * LOW HITPOINT WARNING * * *
Firing (i - inventory. (/) - cycle)
e - 3 sling bullets (quivered)
Press: ? - help, Shift-Dir - straight line, f/p - orc priest
Aim: an orc priest, wearing a ring mail (almost dead)
You shoot a sling bullet.
The sling bullet barely misses the orc priest.
The orc priest invokes the aid of Beogh against you.
Beogh smites you!
You die...

.....##.................
....................)...
###............%.......
#.............#...##.(
#.....................
#.................O..
#..........#.#........
#............##.#.....
##......@.#.##....###
#........o).........#
#...................#
#..>................#
#...................#
#..........∩P....<..#
##........PPP.#######
##...........#
#....##...####


You could see an orc priest.

Vanquished Creatures
  An ogre (D:5)
  A hound (D:3)
  An orc priest (D:3)
  A killer bee zombie (D:5)
  A worker ant zombie (D:5)
  6 adders
  A shadow imp (D:5)
  2 oozes
  A worm (D:2)
  A dart slug (D:3)
  3 leopard geckos
  9 orcs
  5 bats
  2 giant cockroaches
  2 goblins
  3 hobgoblins
  4 jackals
  A quokka (D:2)
  3 frilled lizards
  5 kobolds
  5 rats
58 creatures vanquished.

Vanquished Creatures (others)
  A rat (D:3)
  8 toadstools (D:2)
9 creatures vanquished.

Grand Total: 67 creatures vanquished

Notes
Turn   | Place    | Note
-------+----------+-------------------------------------------
     0 | D:1      | Amnesiac the Mummy Air Elementalist began the quest for the Orb.
     0 | D:1      | Reached XP level 1. HP: 13/13 MP: 4/4
   395 | D:1      | Reached XP level 2. HP: 19/19 MP: 5/5
   439 | D:1      | Reached skill level 3 in Air Magic
   614 | D:2      | Reached XP level 3. HP: 22/24 MP: 7/7
   632 | D:2      | Noticed a sky beast
   876 | D:3      | Reached XP level 4. HP: 25/30 MP: 9/9
   882 | D:3      | Learned a level 4 spell: Airstrike
   972 | D:3      | Reached skill level 4 in Air Magic
  1154 | D:3      | Found a burning altar of Makhleb.
  1167 | D:3      | Reached XP level 5. HP: 31/35 MP: 2/11
  1449 | D:4      | Noticed a water moccasin
  1789 | D:5      | Entered Level 5 of the Dungeon
  1789 | D:5      | Found Tolats's Assorted Antiques.
  1903 | D:5      | Bought a scroll labeled PINIZ PEUCEHOTU for 20 gold pieces
  1903 | D:5      | Bought a scroll labeled AHIUSMOMOI for 20 gold pieces
  1941 | D:5      | Noticed an ogre
  2067 | D:5      | Killed an ogre
  2067 | D:5      | Reached skill level 5 in Air Magic
  2067 | D:5      | Reached XP level 6. HP: 41/41 MP: 0/13
  2278 | D:5      | Killed from afar by an orc priest

Vault maps used:
D:1:      dpeg_arrival_solitude
D:2:      cheibrodos_fertilizer, lightli_corner_chamber
D:3:      makhleb_heckhound_becter
D:4:      minmay_temple_entry_purple_smoke, serial_shops, kennysheep_mini_moat,
          nicolae_shop_trees, nicolae_shop_crystal, shop, uniq_eustachio,
          uniq_menkaure
D:5:      serial_shops, nicolae_shop_overgrown_old_shop, first_ration

Skill      XL: |  1  2  3  4  5 |
---------------+----------------+-----
Air Magic      | 3 4 5 |  5.0
Spellcasting   | 3 4 |  4.8
Dodging        | |  1.5
Stealth        | |  1.5
Conjurations   | |  0.7

Action                   |  1- 3 |  4- 6 || total
-------------------------+-------+-------++-------
Melee: Unarmed           |    17 |       ||    17
       Club              |     9 |       ||     9
       Mace              |    44 |    72 ||   116
 Fire: Hunting sling     |    70 |    17 ||    87
Throw: Stone             |     1 |       ||     1
 Cast: Airstrike         |       |    18 ||    18
  Use: Scroll            |     1 |     5 ||     6
 Stab: Sleeping          |       |     1 ||     1
Armor: Robe              |    21 |    32 ||    53
Dodge: Dodged            |    70 |    47 ||   117

Table legend:
 A = Spawn XP
 B = Non-spawn XP
 C = Spawn XP percentage of total XP
 D = Spawn monster count
 E = Non-spawn monster count
 F = Spawn count percentage of total count
 G = Total turns spent on level
                    A         B        C        D         E        F      G
               +---------+---------+-------+---------+---------+-------+---------
         Total |       0 |     435 |   0.0 |       0 |      58 |   0.0 |  2278
               +---------+---------+-------+---------+---------+-------+---------
           D:1 |       0 |      19 |   0.0 |       0 |       9 |   0.0 |   504
           D:2 |       0 |      51 |   0.0 |       0 |      14 |   0.0 |   238
           D:3 |       0 |     158 |   0.0 |       0 |      24 |   0.0 |   746
           D:4 |       0 |      17 |   0.0 |       0 |       3 |   0.0 |   303
           D:5 |       0 |     190 |   0.0 |       0 |       8 |   0.0 |   487
               +---------+---------+-------+---------+---------+-------+---------
